 Dungeon Crawl Stone Soup version 0.25-a0-1136-gc1285e62ab (webtiles) character file.

Game seed: 17635071722355042995, levelgen mode: deterministic

1176 Essalna the Firebug (level 8, -1/57 HPs)
             Began as a Hill Orc Fire Elementalist on May 23, 2020.
             Was an Initiate of Vehumet.
             Slain by a gnoll
             ... wielding a +0 flail
              (5 damage)
             ... on level 5 of the Dungeon.
             The game lasted 00:17:11 (6854 turns).

Essalna the Firebug (Hill Orc Fire Elementalist)    Turns: 6854, Time: 00:17:12

Health: -1/57      AC:  2    Str: 11      XL:     8   Next: 41%
Magic:  9/14       EV:  2    Int: 17      God:    Vehumet [......]
Gold:   154        SH:  0    Dex:  0 (11) Spells: 8/16 levels left

rFire    . . .     SeeInvis .   k - +1 whip (freeze)
rCold    . . .     Gourm    .   (no shield)
rNeg     . . .     Faith    .   r - +0 robe (curse)
rPois    .         Spirit   .   (no helmet)
rElec    .         Reflect  .   (no cloak)
rCorr    .         Harm     .   (no gloves)
MR       .....                  (no boots)
Stlth    ..........             l - amulet of regeneration
HPRegen  0.59/turn              (no ring)
MPRegen  0.14/turn              (no ring)

@: slowed, lost dexterity, very slow
A: no striking features
a: Renounce Religion


You were on level 5 of the Dungeon.
You worshipped Vehumet.
Vehumet was noncommittal.
You were hungry.

You visited 2 branches of the dungeon, and saw 6 of its levels.

You collected 154 gold pieces.

Inventory:

Hand Weapons
 h - a +0 dagger
 k - a +1 whip of freezing (weapon)
Armour
 a - a +0 robe
 r - a cursed +0 robe (worn)
Jewellery
 l - an amulet of regeneration (around neck)
Wands
 q - a wand of iceblast (3)
Scrolls
 d - 4 scrolls of teleportation {unknown}
 e - a scroll of remove curse {unknown}
 f - 2 scrolls of fear {unknown}
 i - 3 scrolls of identify {unknown}
 j - a scroll of enchant armour {unknown}
 n - a scroll of noise {unknown}
 p - a scroll of immolation {unknown}
Potions
 b - 2 potions of flight {unknown}
 g - a potion of ambrosia {unknown}
 m - a potion of magic {unknown}
Comestibles
 c - 11 rations
 o - 2 chunks of flesh


   Skills:
 - Level 1.5 Dodging
 - Level 1.5 Stealth
 + Level 4.5 Spellcasting
 + Level 5.6 Conjurations
 + Level 7.0 Fire Magic


You had 8 spell levels left.
You knew the following spells:

 Your Spells              Type           Power        Failure   Level  Hunger
a - Foxfire               Conj/Fire      ####         1%          1    None
b - Inner Flame           Hex/Fire       ###.....     11%         3    ###....
c - Sticky Flame          Conj/Fire      ####....     11%         4    ####...

Your spell library contained the following spells:

 Spells                   Type           Power        Failure   Level  Hunger
 Conjure Flame            Conj/Fire      ####....     3%          3    ###....
 Fireball                 Conj/Fire      ####......   30%         5    ######.


Dungeon Overview and Level Annotations

Branches:
Dungeon (5/15)             Temple (1/1) D:4

Altars:
Ashenzari
Gozag
Hepliaklqana
Makhleb
Nemelex Xobeh
Okawaru
Qazlal
Ru
Sif Muna
Trog
Vehumet
Wu Jian
Xom
Yredelemnul
The Shining One

Shops:
D:4 ?   D:5 [

Annotations:
D:2 1 runed translucent door, Crazy Yiuf


Message History

The stone hits you.
* * * LOW HITPOINT WARNING * * *
Casting: Foxfire (safe; 1% risk of failure)
Confirm with . or Enter, or press ? or * to list all spells.
You conjure some foxfire!
You are feeling hungry.
The foxfire hits the gnoll but does no damage.
The gnoll is almost dead.
The gnoll hits you with a +0 flail!
* * * LOW HITPOINT WARNING * * *
The foxfire hits the gnoll but does no damage.
The gnoll hits you with a +0 whip.
* * * LOW HITPOINT WARNING * * *
The gnoll hits you with a +0 whip.
* * * LOW HITPOINT WARNING * * *
The foxfire hits the gnoll.
You kill the gnoll!
Vehumet accepts your kill. The gnoll hits you with a +0 flail.
You die...

#.....g.g.
#.####..#.
#.# #.# #.#
##.##
##...##
#####.)gg.#
#...)..@..#
#.###.....#
#.# ##...##
#.# #####
#.# #.# #.#
#.# #.#


You could see 2 gnolls.

Vanquished Creatures
  An ice beast (D:5)
  2 ogres (D:4)
  A bullfrog (D:4)
  A quasit (D:5)
  3 hounds
  A bullfrog skeleton (D:4)
  A gnoll shaman (D:3)
  2 orc priests (D:5)
  2 iguanas
  Natasha (thrice) (D:2)
  An orc wizard (D:3)
  4 worker ants
  17 gnolls
  8 adders
  2 oozes
  An adder skeleton (D:4)
  5 dart slugs
  2 leopard geckos (D:3)
  16 orcs
  A ball python (D:1)
  3 giant cockroaches
  5 goblins
  10 hobgoblins
  11 jackals
  12 kobolds
  4 bats
  9 frilled lizards
  A leopard gecko skeleton (D:4)
  4 rats
133 creatures vanquished.

Vanquished Creatures (collateral kills)
  A rat (D:1)
1 creature vanquished.

Vanquished Creatures (others)
  566 foxfires
  A fungus (D:2)
567 creatures vanquished.

Grand Total: 701 creatures vanquished

Notes
Turn   | Place    | Note
-------+----------+-------------------------------------------
     0 | D:1      | Essalna the Hill Orc Fire Elementalist began the quest for
                  | the Orb.
     0 | D:1      | Reached XP level 1. HP: 14/14 MP: 3/3
   244 | D:1      | Reached XP level 2. HP: 20/20 MP: 1/4
   910 | D:1      | Reached XP level 3. HP: 26/26 MP: 1/6
  1585 | D:2      | Found a shimmering blue altar of Sif Muna.
  1617 | D:2      | Found an opulent altar of Gozag.
  1617 | D:2      | Found a sparkling altar of Nemelex Xobeh.
  1619 | D:2      | Found a bloodstained altar of Trog.
  1620 | D:2      | Found an ornate altar of the Wu Jian Council.
  1654 | D:2      | Reached skill level 4 in Fire Magic
  1766 | D:2      | Reached XP level 4. HP: 33/33 MP: 2/7
  2068 | D:2      | Noticed Natasha
  2074 | D:2      | Killed Natasha
  2132 | D:2      | Noticed Natasha
  2147 | D:2      | Killed Natasha
  2147 | D:2      | Reached XP level 5. HP: 8/38 MP: 0/8
  2344 | D:2      | Noticed Natasha
  2350 | D:2      | Killed Natasha
  2437 | D:2      | Found a runed translucent door.
  2438 | D:2      | Noticed Crazy Yiuf
  3056 | D:3      | Reached XP level 6. HP: 45/45 MP: 0/10
  3496 | D:3      | Reached skill level 5 in Fire Magic
  4000 | D:3      | Found a shimmering altar of Xom.
  4338 | D:2      | Learned a level 3 spell: Inner Flame
  4343 | D:2      | Learned a level 4 spell: Sticky Flame
  4924 | D:3      | Reached XP level 7. HP: 18/50 MP: 3/12
  5215 | D:4      | Found a staircase to the Ecumenical Temple.
  5231 | Temple   | Entered the Ecumenical Temple
  5367 | Temple   | Became a worshipper of Vehumet
  5451 | D:4      | Found a hazy altar of Hepliaklqana.
  5480 | D:4      | Found Zecaefass's Magic Scroll Boutique.
  5534 | D:4      | Reached skill level 6 in Fire Magic
  6099 | D:5      | Entered Level 5 of the Dungeon
  6223 | D:5      | Reached skill level 5 in Conjurations
  6229 | D:5      | Reached XP level 8. HP: 39/57 MP: 10/14
  6556 | D:5      | Lost dexterity.
  6763 | D:5      | Found Boecwef's Armour Boutique.
  6843 | D:5      | Reached skill level 7 in Fire Magic
  6854 | D:5      | Slain by a gnoll

Illustrated notes

Levels and vault maps discovered:
D:1:      lightli_molten_gateway, layout_loops_cross
D:2:      layout_rooms, grunt_temple_overflow_open, first_ration, uniq_natasha,
          uniq_crazy_yiuf_cottage
D:3:      layout_basic, lemuel_round_altar, chequers_mini_garden
D:4:      layout_rooms, old_standard_altar, minmay_temple_entry_hall,
          serial_shops, nicolae_shop_waterfront, minivault_25
D:5:      wander_guarded_unrand_ratskin, layout_loops_ring, serial_shops,
          kennysheep_mini, minivault_1, uniq_edmund
Temple:   dpeg_chambers_temple

Skill      XL: |  1  2  3  4  5  6  7  8 |
---------------+-------------------------+-----
Spellcasting   | 2 3 4 |  4.5
Conjurations   | 2 3 4 5 |  5.6
Fire Magic     | 4 5 6 7 |  7.0
Dodging        | |  1.5
Stealth        | |  1.5

Action                   |  1- 3 |  4- 6 |  7- 9 || total
-------------------------+-------+-------+-------++-------
Melee: Club              |    20 |       |       ||    20
       Unarmed           |     6 |       |       ||     6
       Dagger            |     1 |    64 |       ||    65
       Whip              |       |       |    23 ||    23
 Cast: Foxfire           |    85 |   186 |   130 ||   401
       Sticky Flame      |       |       |     2 ||     2
  Eat: Chunk             |     4 |    10 |     7 ||    21
Armor: Robe              |     8 |     7 |    23 ||    38
Dodge: Dodged            |    20 |    76 |    42 ||   138

Table legend:
 A = Non-vault XP
 B = Vault XP
 C = Vault XP percentage of total XP
 D = Non-vault monster count
 E = Vault monster count
 F = Vault count percentage of total count
                 A         B        C        D         E       F
            +---------+---------+-------+---------+---------+-------
      Total |    1645 |      35 |   2.1 |     133 |       1 |   0.7
            +---------+---------+-------+---------+---------+-------
        D:1 |      49 |       0 |   0.0 |      28 |       0 |   0.0
        D:2 |     135 |      35 |  20.6 |      23 |       1 |   4.2
        D:3 |     329 |       0 |   0.0 |      43 |       0 |   0.0
        D:4 |     569 |       0 |   0.0 |      19 |       0 |   0.0
        D:5 |     563 |       0 |   0.0 |      20 |       0 |   0.0
            +---------+---------+-------+---------+---------+-------
